Map: Incorporeal LE

Players

Geralt (Gerald)

  • Race: Protoss Protoss
  • League: Master
  • Spawn Location: 11:00

Lambo - Winner!

  • Race: Zerg Zerg
  • Spawn Location: 5:00

Event: FEL Cracov 2025

VOD

Have the link to the VOD?

Description

Time

  • Played on: July 27, 2025, 9:59 a.m.
  • Length: 9:56

All games in this series

Show
View Real Time Build Order
Export as new Build Order

Geralt Protoss 

Build Orders: 1 Gate Expand, Oracle Opening 

Get SALT Encoding   

  12  0:00  Probe  
  13  0:12  Probe  
  14  0:20  Pylon  
  14  0:24  Probe  
  15  0:34  Probe  
  15  0:39  Gateway  
  15  0:42  Probe  
  16  0:48  Assimilator  
  17  0:52  Probe  
  19  1:04  Probe  
  19  1:16  Probe  
  20  1:25  Nexus  
  20  1:29  Probe  
  21  1:38  Cybernetics Core  
  21  1:43  Probe  
  22  1:48  Assimilator  
  22  1:54  Pylon  
  22  1:55  Probe  
  23  2:05  Adept  
  23  2:12  Probe  
  26  2:24  Probe, Stargate  
  26  2:26  Adept  
  27  2:36  Probe  
  30  2:37  Probe  
  30  2:38  Warp Gate  
  31  2:48  Probe  
  31  2:49  Probe  
  33  2:56  Adept  
  35  3:00  Probe  
  35  3:01  Oracle, Probe  
  37  3:12  Probe  
  41  3:13  Probe  
  41  3:17  Pylon  
  42  3:24  Probe  
  42  3:26  Probe  
  44  3:33  Nexus  
  44  3:36  Probe  
  44  3:40  Oracle  
  48  3:42  Probe  
  48  3:45  Pylon  
  49  3:51  Probe  
  49  3:54  Shield Battery  
  49  3:55  Probe  
  51  4:00  Assimilator  
  51  4:02  Twilight Council  
  51  4:03  Probe  
  51  4:08  Probe, Pylon  
  53  4:16  Probe  
  54  4:20  Probe  
  54  4:24  Blink  
  55  4:28  Probe  
  55  4:31  Gateway x2  
  56  4:32  Probe  
  56  4:36  Gateway  
  56  4:37  Adept  
  59  4:40  Probe  
  59  4:44  Probe  
  61  4:48  Probe  
  62  4:56  Probe x2  
  64  5:00  Gateway, Probe  
  64  5:01  Stalker  
  64  5:02  Gateway  
  64  5:06  Pylon  
  67  5:08  Probe  
  67  5:09  Probe  
  67  5:12  Probe  
  70  5:20  Probe  
  70  5:21  Probe  
  72  5:24  Probe  
  72  5:26  Gateway  
  73  5:32  Probe  
  73  5:33  Probe  
  73  5:36  Probe  
  68  5:44  Probe  
  68  5:46  Stalker x4  
  68  5:47  Probe  
  68  5:49  Gateway, Pylon  
  78  5:59  Stalker x2  
  78  6:01  Probe  
  82  6:06  Probe  
  82  6:09  Probe  
  82  6:10  Forge  
  84  6:12  Stalker x4, Pylon, Gateway  
  84  6:13  Probe  
  84  6:14  Assimilator  
  84  6:17  Gateway  
  93  6:26  Probe, Stalker x3  
  93  6:28  Pylon x2  
  93  6:31  Charge  
  100  6:36  Probe  
  100  6:39  Probe x2  
  102  6:40  Pylon  
  102  6:48  Stalker x3  
  102  6:49  Stalker, Protoss Ground Weapons Level 1  
  110  7:03  Probe x2  
  108  7:10  Probe  
  108  7:14  Templar Archives  
  109  7:18  Assimilator  
  109  7:21  Probe  
  110  7:24  Pylon  
  110  7:28  Pylon, Probe  
  111  7:30  Probe  
  111  7:32  Assimilator  
  111  7:35  Psionic Storm  
  112  7:41  Zealot x7  
  112  7:42  Nexus  
  125  7:45  Pylon  
  125  7:49  Pylon  
  125  7:50  Pylon  
  125  7:52  Pylon  
  125  7:54  Pylon  
  125  7:56  Pylon, Assimilator  
  125  7:58  Pylon  
  125  8:00  Assimilator  
  125  8:08  High Templar, Stalker x6  
  139  8:13  Probe  
  139  8:18  High Templar  
  139  8:19  Probe  
  141  8:26  Photon Cannon  
  135  8:28  Photon Cannon, Shield Battery  
  135  8:33  Zealot  
  135  8:34  Zealot x6  
  139  8:35  Photon Cannon  
  139  8:38  Photon Cannon  
  139  8:39  Shield Battery  
  139  8:41  Probe x2  
  142  8:44  Photon Cannon  
  142  8:45  Shield Battery  
  143  8:48  High Templar  
  145  8:56  Probe x2  
  145  8:57  Probe  
  145  9:06  Stalker x3  
  145  9:10  Archon  
  125  9:17  Stalker x3  
  125  9:18  Sentry, Stalker  
  111  9:32  Stalker x2  
  111  9:34  Probe  
  114  9:39  Probe x2  
  114  9:41  Gateway  
  114  9:43  Gateway, Cybernetics Core  
  114  9:45  High Templar, Zealot  
  118  9:46  Zealot  
  118  9:49  Zealot x2  
  110  9:56  Photon Cannon  
Show
View Real Time Build Order
Export as new Build Order

Lambo Zerg - Winner!

Build Orders: Hatch First 

Get SALT Encoding   

  12  0:00  Drone  
  13  0:08  Drone  
  14  0:14  Extractor, Drone  
  14  0:21  Overlord  
  15  0:39  Drone x2  
  17  0:48  Hatchery  
  16  0:52  Drone  
  16  0:55  Drone  
  18  1:08  Extractor  
  18  1:10  Spawning Pool  
  16  1:15  Drone  
  17  1:19  Drone  
  18  1:26  Drone  
  19  1:38  Drone  
  20  1:50  Overlord  
  20  1:57  Queen  
  20  1:59  Queen  
  20  2:00  Drone  
  25  2:02  Zergling x2  
  26  2:11  Drone, Zergling x2  
  26  2:15  Metabolic Boost  
  28  2:22  Drone x2  
  30  2:34  Hatchery  
  30  2:36  Drone  
  30  2:44  Queen  
  30  2:48  Overlord  
  30  2:51  Zergling x2  
  33  2:54  Drone  
  33  2:55  Zergling x2  
  35  3:02  Zergling x2  
  36  3:07  Overlord  
  36  3:08  Zergling x2  
  36  3:09  Drone x2  
  36  3:10  Drone  
  36  3:12  Drone  
  41  3:15  Drone  
  41  3:18  Drone  
  43  3:32  Queen  
  43  3:34  Queen, Spore Crawler  
  44  3:39  Drone x2  
  44  3:40  Drone  
  48  3:43  Drone x2  
  48  3:45  Drone  
  48  3:46  Drone  
  52  3:52  Drone x3  
  54  3:56  Drone x2  
  54  3:59  Spore Crawler  
  54  4:01  Overlord  
  55  4:06  Zergling x2  
  55  4:07  Drone x2  
  58  4:13  Overlord  
  58  4:14  Evolution Chamber  
  58  4:15  Spore Crawler, Drone  
  57  4:20  Drone x3  
  57  4:24  Drone x3  
  64  4:29  Drone x2  
  66  4:33  Drone  
  67  4:41  Baneling Nest  
  67  4:43  Drone x5  
  71  4:48  Overlord  
  71  4:50  Overlord  
  71  4:52  Overlord  
  71  4:58  Zerg Melee Weapons Level 1  
  71  5:02  Hatchery  
  71  5:03  Drone x2  
  71  5:05  Extractor  
  71  5:06  Zergling x4  
  73  5:08  Zergling x4  
  73  5:09  Zergling x2  
  73  5:10  Zergling x2  
  73  5:13  Zergling x6  
  73  5:14  Zergling x2  
  81  5:15  Drone  
  81  5:17  Drone x2  
  81  5:20  Overlord  
  84  5:24  Drone x4  
  84  5:27  Extractor  
  86  5:29  Extractor, Lair  
  86  5:32  Drone x2  
  86  5:38  Drone x5  
  90  5:45  Drone x6  
  90  5:46  Drone  
  90  5:47  Drone  
  96  5:50  Drone  
  96  5:56  Overlord  
  96  5:59  Overlord  
  96  6:00  Extractor  
  96  6:01  Drone  
  95  6:05  Drone x3  
  95  6:07  Drone x2  
  95  6:09  Queen, Hatchery  
  99  6:13  Extractor  
  99  6:14  Drone x2  
  99  6:17  Drone x4  
  104  6:22  Zergling x6  
  104  6:23  Spore Crawler  
  105  6:27  Zergling x4, Spore Crawler  
  105  6:30  Zergling x4  
  108  6:33  Queen  
  108  6:35  Hydralisk Den  
  108  6:37  Zergling x2  
  108  6:38  Zergling x6  
  108  6:39  Zergling x2  
  114  6:41  Overlord  
  114  6:44  Queen  
  114  6:46  Zergling x2  
  114  6:51  Zergling x6  
  116  6:57  Zergling x12  
  116  7:00  Zergling x8  
  125  7:03  Baneling x5  
  125  7:07  Overlord  
  123  7:08  Zergling x2  
  123  7:09  Zergling x6  
  123  7:10  Grooved Spines  
  123  7:14  Overlord  
  127  7:16  Hydralisk x2  
  127  7:20  Hydralisk  
  130  7:23  Hydralisk x6, Zerg Missile Weapons Level 1  
  130  7:25  Overlord x2  
  140  7:30  Hydralisk x3  
  140  7:31  Overlord  
  140  7:34  Hydralisk x2  
  150  7:40  Hydralisk x3  
  150  7:44  Hydralisk x2  
  156  7:48  Centrifugal Hooks  
  156  7:50  Zergling x10  
  165  7:53  Hydralisk x2  
  165  7:58  Zergling x14  
  176  8:04  Zergling x14  
  181  8:10  Muscular Augments  
  180  8:13  Zergling x2  
  181  8:23  Overlord  
  177  8:28  Zergling x8  
  177  8:29  Overlord  
  177  8:30  Overlord  
  177  8:31  Overlord  
  177  8:32  Overlord  
  177  8:33  Baneling x11, Spine Crawler  
  177  8:34  Baneling x7, Overlord  
  180  8:37  Overlord x2  
  180  8:38  Zergling x4  
  179  8:47  Zergling x18  
  188  8:48  Baneling x3  
  188  8:49  Baneling  
  188  8:51  Zergling x4  
  188  8:55  Baneling x8  
  189  9:01  Zergling x12  
  187  9:08  Zergling x16  
  185  9:12  Zergling x12  
  185  9:16  Zergling x8  
  179  9:20  Zergling x10  
  179  9:22  Zergling x4  
  178  9:28  Zergling x14  
  168  9:34  Zergling x14  
  168  9:37  Zergling x6  
  168  9:38  Baneling x4  
  171  9:42  Baneling x9  
Tags
 
Add a new tag
Caveats
  • Supply blocks, unpowered buildings, or Contaminate may cause inaccurate times.
  • Supply counts are checked every 10 seconds.